 Dungeon Crawl Stone Soup version 0.25.0-10-g039870ee82 (webtiles) character file.

Game seed: 13979274760744518797

1453 Flugkiller the Chopper (level 8, 0/76 HPs)
             Began as a Deep Dwarf Fighter on June 23, 2020.
             Slain by a sky beast (4 damage)
             ... on level 6 of the Dungeon.
             The game lasted 00:01:26 (2371 turns).

Flugkiller the Chopper (Deep Dwarf Fighter)         Turns: 2371, Time: 00:01:27

Health: 0/76       AC:  6    Str: 23    XL:     8   Next: 47%
Magic:  8/8        EV:  7    Int:  8    God:
Gold:   225        SH:  9    Dex: 12    Spells: 7/7 levels left

rFire    . . .     SeeInvis .   p - +0 war axe (curse)
rCold    . . .     Gourm    .   c - +0 kite shield
rNeg     . . .     Faith    .   b - +0 scale mail
rPois    .         Spirit   .   (no helmet)
rElec    .         Reflect  .   i - scarf {repulsion}
rCorr    .         Harm     .   (no gloves)
MR       +....                  (no boots)
Stlth    ..........             (no amulet)
HPRegen  0.00/turn              (no ring)
MPRegen  0.11/turn              (no ring)

@: non-regenerating, very heavily drained, repel missiles
A: damage resistance, heal wounds, sense surroundings 1, no regeneration
a: Heal Wounds


You were on level 6 of the Dungeon.
You were not hungry.

You visited 1 branch of the dungeon, and saw 6 of its levels.

You collected 225 gold pieces.

Inventory:

Hand Weapons
 a - a +0 war axe
 p - a cursed +0 war axe (weapon)
   (You found it on level 5 of the Dungeon)
Missiles
 q - 6 curare-tipped darts (quivered)
Armour
 b - a +0 scale mail (worn)
 c - a +0 kite shield (worn)
 i - a scarf of repulsion (worn)
   (You found it on level 4 of the Dungeon)
Jewellery
 m - a cursed ring of attention {unknown}
   (You found it on level 3 of the Dungeon)
Scrolls
 j - 2 scrolls of magic mapping {unknown}
 k - a scroll of enchant armour {unknown}
 l - a scroll of teleportation {unknown}
 s - a scroll of enchant weapon {unknown}
 t - a scroll of amnesia {unknown}
 u - a scroll of random uselessness {unknown}
 w - a scroll of remove curse {unknown}
Potions
 d - 3 potions of might
 f - a potion of degeneration {unknown}
 g - a potion of heal wounds {unknown}
 h - a potion of flight {unknown}
 n - a potion of berserk rage {unknown}
 o - a potion of brilliance {unknown}
 v - a potion of curing {unknown}
Comestibles
 e - 4 rations


   Skills:
 * Level 6.1(2.3) Fighting
 * Level 7.0(3.1) Axes
 + Level 5.7(1.8) Armour
 + Level 5.7(1.8) Shields


You had 7 spell levels left.
You didn't know any spells.
Your spell library was empty.

Dungeon Overview and Level Annotations

Branches:
Dungeon (6/15)
 Temple: D:4-7

Altars:
Ashenzari

Shops:
D:4 %


Innate Abilities, Weirdness & Mutations

You are resistant to damage.
You can heal yourself by infusing magical energy.
You passively map a small area around you.
You do not regenerate.


Message History

You miss something. You block something's attack.
Something hits you but does no damage.
You closely miss something. Something hits you but does no damage.
You closely miss something.
Something hits you but does no damage. x2
You miss something. Something hits you. Something shocks you.
* * * LOW HITPOINT WARNING * * *
You miss something. You block something's attack.
Something hits you but does no damage.
You closely miss something. You block something's attack.
You closely miss something. Something hits you. Something shocks you.
* * * LOW HITPOINT WARNING * * *
Something hits you. Something shocks you.
* * * LOW HITPOINT WARNING * * *
You barely miss something. Something hits you but does no damage.
You barely miss something.
A sky beast appears from thin air!
Reactivating autopickup.
The sky beast hits you. The sky beast shocks you.
* * * LOW HITPOINT WARNING * * *
The sky beast hits you. The sky beast shocks you.
You die...

#.#........##(#.
##.#........##...
#..#........##..#
##.############..#
#..# #..# #.##
#+#.## #.#
###.#... #.#
###.....## #@#
#.........
#...Y..# *
#.#.....##
#........,
#.....##
#......### *
#.....# #......#
#.....# #....?.#
####### #.$....#
#......# **


You could see a sky beast.

Vanquished Creatures
  Edmund (D:5)
  2 ice beasts (D:6)
  A sky beast (D:4)
  2 ogres (D:4)
  A centaur (D:5)
  4 wights (D:6)
  2 howler monkeys (D:5)
  3 crimson imps (D:6)
  A centaur skeleton (D:4)
  4 orc wizards
  2 hounds
  An orc priest (D:6)
  3 iguanas (D:4)
  3 worker ants
  A hound skeleton (D:6)
  A howler monkey zombie (D:5)
  3 gnolls (D:3)
  An adder (D:4)
  A shadow imp (D:4)
  2 leopard geckos (D:4)
  8 orcs
  A giant cockroach (D:5)
  A goblin (D:2)
  2 hobgoblins
  2 quokkas (D:3)
  A frilled lizard (D:4)
  A jackal skeleton (D:4)
55 creatures vanquished.

Notes
Turn   | Place    | Note
-------+----------+-------------------------------------------
     0 | D:1      | Flugkiller the Deep Dwarf Fighter began the quest for the
                  | Orb.
     0 | D:1      | Reached XP level 1. HP: 20/20 MP: 1/1
   182 | D:3      | Reached XP level 2. HP: 24/27 MP: 2/2
   206 | D:3      | Reached skill level 3 in Axes
   206 | D:3      | Reached XP level 3. HP: 19/34 MP: 3/3
   294 | D:4      | Reached XP level 4. HP: 37/42 MP: 4/4
   370 | D:4      | Reached XP level 5. HP: 35/50 MP: 5/5
   406 | D:5      | Entered Level 5 of the Dungeon
   406 | D:5      | Noticed a sky beast
   420 | D:4      | Killed a sky beast
   420 | D:4      | Reached skill level 4 in Axes
   532 | D:4      | Reached XP level 6. HP: 54/57 MP: 6/6
   679 | D:4      | Found Dokion's Food Boutique.
   851 | D:4      | Reached skill level 5 in Axes
   892 | D:4      | Reached XP level 7. HP: 32/66 MP: 7/7
  1509 | D:5      | Reached skill level 5 in Fighting
  1772 | D:5      | Noticed Edmund
  1798 | D:5      | Killed Edmund
  1798 | D:5      | Reached skill level 5 in Armour
  1798 | D:5      | Reached skill level 5 in Shields
  2043 | D:6      | Reached skill level 6 in Axes
  2062 | D:6      | Found a shattered altar of Ashenzari.
  2087 | D:6      | Reached XP level 8. HP: 70/75 MP: 8/8
  2266 | D:6      | Reached skill level 7 in Axes
  2371 | D:6      | Slain by a sky beast

Illustrated notes

Levels and vault maps discovered:
D:1:      dpeg_arrival_round_c, layout_loops_ring
D:2:      layout_rooms, eat_drink_and_be_merry_uskayaw,
          kennysheep_generic_room_6, uniq_jessica
D:3:      layout_loops_cross, lemuel_crystal_altar, minmay_cupped
D:4:      layout_cave_pods, serial_shops, nicolae_shop_waterfront,
          kennysheep_big_empty_room
D:5:      layout_basic, first_ration, uniq_edmund
D:6:      layout_rooms, cheibrodos_ashenzari_chains, kennysheep_mini,
          serial_shops, shop, minmay_misc_feat_plants

Skill      XL: |  1  2  3  4  5  6  7  8 |
---------------+-------------------------+-----
Fighting       | 3 4 5 6 |  6.1
Axes           | 3 4 5 6 7 |  7.0
Armour         | 4 5 |  5.7
Shields        | 4 5 |  5.7

Action                   |  1- 3 |  4- 6 |  7- 9 || total
-------------------------+-------+-------+-------++-------
Melee: War axe           |    55 |    73 |   159 ||   287
 Abil: Heal Wounds       |     1 |     3 |     7 ||    11
  Eat: Chunk             |       |       |     5 ||     5
Armor: Scale mail        |    17 |    31 |    63 ||   111
Dodge: Dodged            |    14 |    14 |    50 ||    78
       Repelled          |       |       |     1 ||     1
Block: Kite shield       |    34 |    27 |    97 ||   158
